[Event "WR Chess Masters 2023"]
[Site "Duesseldorf"]
[Date "2023.02.24"]
[Round "8.4"]
[White "So, Wesley"]
[Black "Keymer, Vincent"]
[Result "0-1"]
[ECO "C54"]
[WhiteElo "2766"]
[BlackElo "2690"]
[Annotator "TA"]
[PlyCount "100"]
[EventDate "2023.02.16"]
[EventCountry "GER"]
[SourceTitle "playchess.com"]
[Source "ChessBase"]
[SourceQuality "1"]
[TimeControl "40/7200:20/3600:900+30"]

1. e4 e5 2. Nf3 Nc6 3. Bc4 Nf6 4. d3 Bc5 5. c3 a6 6. O-O Ba7 7. a4 {[%emt 0:01:21] is now more promising than 7.Bb3. C54: Giuoco Piano: 4 c3 Nf6, main lines with 5 d4 and 5 d3.} O-O 8. h3 d6 9. Re1 {[%emt 0:00:16] White has an edge.} h6 10. Nbd2 (10. b4 {is interesting.} Nh5 11. Na3 Qf6 12. Ra2) 10... Be6 (10... Nh5 {keeps more tension.} 11. Nf1 Qf6 12. Be3 Be6) 11. Bxe6 fxe6 12. b4 Ne7 (12... Nh5 {is more complex.} 13. Ra2 Qe8 14. Nf1 Qg6) 13. Nf1 Ng6 14. Ra2 d5 {[%emt 0:00:10] White must now prevent ...dxe4.} 15. Ng3 c6 {[%emt 0:00:36] [#]} 16. a5 $146 ({Predecessor:} 16. d4 exd4 17. cxd4 dxe4 18. Nxe4 Nxe4 19. Rxe4 Rf6 20. Rae2 Qd5 21. Qc2 Raf8 22. Bd2 {½-½ Vodicka,M (2109)-Csiba,T (2159) EU-ch 2020 pr12 email}) 16... Rc8 17. c4 Rc7 18. exd5 exd5 19. c5 (19. Nxe5 Nxe5 20. Rxe5 dxc4 $17) 19... Re7 20. Nf5 Re6 21. N3d4 (21. Nxh6+ $11 gxh6 22. Bxh6) 21... Ree8 $17 22. Nb3 Qd7 23. Nd6 Re6 24. Rae2 (24. Nf5 $142) 24... Ne8 $1 25. Nxe8 Qxe8 26. g3 (26. Re3 $17) 26... Bb8 27. Re3 (27. Rf1 $142) 27... Qf7 $19 28. Rf1 Rf6 29. Re2 {[%emt 0:00:15] [#]} (29. Nd2) 29... Nh4 $1 {[%emt 0:02:53][%mdl 576] Clearance} 30. Nd2 (30. gxh4 Rg6+) 30... Qg6 {[%emt 0:04:16] ...e4 is the strong threat.} 31. Re3 Nf5 32. Rf3 Re6 33. Re1 Rfe8 34. Nf1 e4 (34... Nd4 35. Rfe3 $17) 35. dxe4 dxe4 ({Inferior is} 35... Rxe4 36. Bd2 $17) 36. Ra3 Nh4 {[%emt 0:04:38] Black is more active.} 37. Nh2 {[%emt 0:03:04] [#] Prevents Nf3+} e3 $1 38. Raxe3 {[%emt 0:02:16] [#]} Bxg3 $1 {[%emt 0:00:38][%mdl 576] Pin} 39. Ng4 Rxe3 ({Worse is} 39... Bxf2+ 40. Kxf2 Rf8+ 41. Ke2 $15 (41. Kg1 Nf3+ 42. Kh1 Nxe1 $17)) 40. Rxe3 Rxe3 $40 {[%emt 0:00:00][%mdl 128] Black has strong attack.} 41. Nxe3 {[%emt 0:13:13] [#]} Bf4+ $1 42. Qg4 $2 {[%emt 0:00:05][%mdl 8192] Now White is beyond hope.} (42. Kf1 $17 Bg5 43. Qd4) 42... Nf3+ 43. Kg2 {[%emt 0:00:07][%cal Og2f3] Threatens to win with Kxf3!} Qxg4+ 44. hxg4 {[%emt 0:00:07][%mdl 4096] Endgame KBN-KBN} Ne1+ 45. Kf1 Nd3 46. Bd2 {[%emt 0:00:13] [#]} Ne5 $1 47. Ke2 (47. Nc4 {is a better defense.} Bxd2 48. Nxd2) 47... Bxe3 48. Kxe3 Nxg4+ 49. Kf4 $2 (49. Kf3 Nf6 50. Kf4) 49... Nxf2 50. Ke5 h5 {[%emt 0:01:16] Excellently played by Keymer!   Weighted Error Value: White=0.40/Black=0.18 (very precise)} 0-1

[Event "WR Chess Masters 2023"]
[Site "Duesseldorf"]
[Date "2023.02.24"]
[Round "8.5"]
[White "Giri, Anish"]
[Black "Abdusattorov, Nodirbek"]
[Result "1/2-1/2"]
[ECO "B67"]
[WhiteElo "2780"]
[BlackElo "2734"]
[Annotator "TA"]
[PlyCount "86"]
[EventDate "2023.02.16"]
[EventCountry "GER"]
[SourceTitle "playchess.com"]
[Source "ChessBase"]
[SourceQuality "1"]
[TimeControl "40/7200:20/3600:900+30"]

1. e4 c5 2. Nf3 Nc6 3. d4 cxd4 4. Nxd4 Nf6 5. Nc3 d6 6. Bg5 e6 7. Qd2 a6 8. O-O-O Bd7 9. Kb1 Nxd4 {[%emt 0:01:53] is cutting edge theory. B67: Sicilian: Richter-Rauzer: 7...a6 8 0-0-0 Bd7, lines without 9 f4 Be7.} 10. Qxd4 Be7 11. f4 Bc6 {[%emt 0:00:15] White is slightly better.} 12. f5 Qa5 13. Bc4 exf5 14. Rhf1 fxe4 {[%emt 0:00:06] [#]} 15. Nxe4 $146 ({Predecessor:} 15. Bxf6 Bxf6 16. Rxf6 gxf6 17. Qxf6 Qe5 18. Qxf7+ Kd8 19. Nd5 Rc8 20. Nf4 Bd7 21. Be6 {½-½ Lagarde,M (2631)-Muradli,M (2523) Biel HTO 55th 2022 (5)}) 15... Bxe4 (15... Nxe4 16. Qxg7) 16. Bxf6 {[%emt 0:06:22][%mdl 64] Remove Defender} Bxf6 17. Qxe4+ Qe5 {[%emt 0:00:18] Black is weak on the light squares} 18. Qxb7 {[%emt 0:01:08] Active counter play!} O-O {[%emt 0:00:15] [#]} 19. Bxf7+ $1 {[%emt 0:09:14][%mdl 64] Deflection} Kh8 $1 20. Rfe1 Ra7 {[%emt 0:01:32][%cal Ba8a7,Ba7f7,Bf7f2,Bf2g2][%mdl 96] Deflection} 21. Qb3 (21. Qxa7 $2 Qxb2#) 21... Qxb2+ {[%emt 0:02:42][%mdl 64] Deflection} 22. Qxb2 Bxb2 23. Kxb2 Raxf7 24. Rxd6 $14 {[%emt 0:08:22][%mdl 4096] Endgame KRR-KRR} Rf2 25. Rxa6 Rxg2 26. h3 (26. a4 $5) 26... Rb8+ {[%emt 0:02:35] The position is equal.} 27. Kc1 h5 28. Rae6 Kh7 $1 29. R6e2 Rxe2 30. Rxe2 $11 {[%emt 0:00:05] KR-KR} g5 31. c4 Rc8 32. Rc2 Kg6 33. Kd2 Kf5 34. Ke3 g4 35. hxg4+ hxg4 36. Kd4 g3 37. c5 Rg8 {[%emt 0:00:04] ...g2 is the strong threat.} 38. Rg2 Ke6 39. Kc4 Kd7 40. Kb5 Kc7 41. a4 Rb8+ 42. Kc4 Rg8 43. Kd5 Rg5+ {[%emt 0:00:05] A fantastic game!   Weighted Error Value: White=0.04 (flawless) /Black=0.01 (flawless)} 1/2-1/2

[Event "WR Chess Masters 2023"]
[Site "Duesseldorf"]
[Date "2023.02.25"]
[Round "9.1"]
[White "Aronian, Levon"]
[Black "Gukesh D"]
[Result "1/2-1/2"]
[ECO "D38"]
[WhiteElo "2736"]
[BlackElo "2718"]
[Annotator "TA"]
[PlyCount "48"]
[EventDate "2023.02.16"]
[EventCountry "GER"]
[SourceTitle "playchess.com"]
[Source "ChessBase"]
[SourceQuality "1"]
[TimeControl "40/7200:20/3600:900+30"]

1. d4 Nf6 2. c4 e6 3. Nf3 d5 4. Nc3 Bb4 5. Bg5 h6 6. Bxf6 Qxf6 7. e3 c5 8. Rc1 dxc4 9. Bxc4 O-O 10. O-O cxd4 11. Nxd4 {[%emt 0:00:04] The position is equal.} Bd7 {[%emt 0:00:33][%cal Bc8d7,Bd7c6,Bc6d5][%mdl 32] D38: Queen's Gambit Declined: Ragozin Defence (4 Nf3 Bb4).} 12. Qb3 Nc6 13. Nxc6 Bxc3 14. Rxc3 Bxc6 15. Bb5 Bd5 16. Bc4 Bc6 17. Bb5 Bd5 18. Bc4 {[%emt 0:00:05] [#] Not much happened in this game.   Weighted Error Value: White=0.01 (flawless) /Black=0.00 (flawless)} {Predecessor:} Be4 $146 19. Bd3 Bxd3 20. Rxd3 b6 21. Rfd1 Rfd8 22. Rxd8+ Rxd8 23. Rxd8+ Qxd8 24. g3 g6 {½-½ Kempinski,R (2565)-Tari,A (2646) CZE-chT 2122 2021 (15.2)} 1/2-1/2

[Event "WR Chess Masters 2023"]
[Site "Duesseldorf"]
[Date "2023.02.25"]
[Round "9.2"]
[White "Keymer, Vincent"]
[Black "Nepomniachtchi, Ian"]
[Result "0-1"]
[ECO "E61"]
[WhiteElo "2690"]
[BlackElo "2793"]
[Annotator "TA"]
[PlyCount "164"]
[EventDate "2023.02.16"]
[EventCountry "GER"]
[SourceTitle "playchess.com"]
[Source "ChessBase"]
[SourceQuality "1"]
[TimeControl "40/7200:20/3600:900+30"]

1. d4 Nf6 2. c4 g6 3. Nf3 Bg7 4. e3 O-O 5. Be2 d6 6. Nc3 Nbd7 7. h3 {[%emt 0:06:17] E61: King's Indian: Early deviations for White, including Smyslov System.} e5 8. b4 {[%emt 0:00:17] [#]} exd4 $146 ({Predecessor:} 8... c6 9. Rb1 e4 10. Nd2 d5 11. a4 Re8 12. b5 Nf8 13. Ba3 a6 14. bxc6 bxc6 {0-1 Finckh,K (1427)-Hinteregger,A (2215) Neumarkt am Wallersee op 09th 2010 (1)}) 9. exd4 {[%emt 0:00:11] [#] The position is equal.} d5 $1 10. O-O dxc4 11. Bxc4 Nb6 12. Bb3 Nbd5 13. Nxd5 Nxd5 14. b5 a6 15. bxa6 Rxa6 16. Bg5 Qd6 17. Qd2 Be6 18. Rfe1 c6 19. Rab1 Raa8 20. Bh6 Rfe8 21. Bxg7 Kxg7 22. Re5 h6 23. Rbe1 f6 24. R5e4 Bf7 25. Nh2 Rxe4 26. Rxe4 h5 27. Nf1 Rd8 28. Qe1 (28. Ne3 {is interesting.} Rd7 29. Nxd5 Bxd5 30. Re8) 28... Rd7 29. Ne3 $1 Nb6 (29... f5 $5 30. Re5 Nf4 31. Rxf5 Bxb3 32. axb3 Qxd4 $15) 30. Qc3 Nd5 31. Qe1 Nc7 (31... f5 $5 32. Re5 Nf4 33. Rxf5 Bxb3 34. axb3 Qxd4 $15) 32. Bxf7 Rxf7 33. Nc2 Rd7 34. h4 Kf7 35. Qe3 Ne6 36. a3 (36. Qh6 Qd5 37. Re2 (37. Qh7+ Ng7 $17) 37... Qc4 $17) 36... Ng7 37. Qb3+ Qd5 38. Qd3 Ne6 {[%emt 0:02:29] White must now prevent ...Nc5.} 39. Nb4 Qd6 40. Qb3 (40. Qc4 {looks sharper.} f5 41. Re1 Kf6 42. Nd3) 40... Re7 41. Nc2 Kf8 42. Qe3 Ng7 43. Rxe7 Qxe7 $11 {[%emt 0:00:03][%mdl 4096] Endgame KQN-KQN} 44. Qg3 Qe4 45. Qd6+ Kf7 46. Ne3 Qe7 {[%emt 0:02:47] Active counter play!} 47. Qb8 Qd7 48. a4 Ne6 (48... Qxd4 $2 49. Qxb7+ Kg8 50. Qxc6 Qa1+ 51. Nf1 $18) 49. Nc4 Ke7 50. Na5 Nd8 (50... Qxd4 51. Qxb7+ (51. Nxb7 Qd1+ 52. Kh2 Qd4 $11) 51... Qd7 52. Nxc6+ (52. Qxc6 Qxc6 53. Nxc6+ Kd6 $14) 52... Kd6 53. Qxd7+ Kxd7 54. Nb4 $16) 51. Qf4 Qd6 52. Qe4+ Kf7 {[%emt 0:02:49] Hoping for ...Qb4.} 53. Qb1 {[%emt 0:00:37] Dodges Qb4} Qc7 54. Qb4 Qe7 55. Qb3+ Kg7 {[%emt 0:00:11] ...Qe1+ would be deadly.} 56. Qb6 Qe1+ 57. Kh2 Nf7 58. Nxb7 Qxf2 59. a5 $2 (59. Nd8 $11) 59... Qxh4+ $19 60. Kg1 Qe1+ 61. Kh2 {[%emt 0:00:08] [#] This costs White the game.} g5 $1 {[%emt 0:01:50][%cal Bg6g5,Bg5g4,Bg4g3][%mdl 32] ( -> ...Nh6)} 62. Qc7 Qh4+ 63. Kg1 Qxd4+ 64. Kf1 Qd1+ 65. Kf2 Qd2+ 66. Kf1 g4 67. a6 Qd3+ 68. Kf2 Kg6 {[%emt 0:04:00] Strongly threatening ...Ne5.} 69. Qxc6 Ne5 70. Qc1 g3+ {[%emt 0:00:40] Black mates.} 71. Ke1 Qe4+ 72. Kf1 Qf5+ 73. Kg1 Qf2+ 74. Kh1 Qd4 75. Qc5 Qh4+ 76. Kg1 Nf3+ {[%emt 0:00:06][%mdl 64] Promotion} 77. Kf1 Qh1+ {[%emt 0:00:07][%mdl 64] Deflection} 78. Ke2 Qxg2+ 79. Ke3 Qf2+ 80. Ke4 Ne5 81. Qd5 Qf3+ 82. Kd4 Nc6+ {[%emt 0:00:08] Weighted Error Value: White=0.16 (very precise) /Black=0.05 (flawless)} 0-1

[Event "WR Chess Masters 2023"]
[Site "Duesseldorf"]
[Date "2023.02.25"]
[Round "9.3"]
[White "Abdusattorov, Nodirbek"]
[Black "So, Wesley"]
[Result "1/2-1/2"]
[ECO "E29"]
[WhiteElo "2734"]
[BlackElo "2766"]
[Annotator "TA"]
[PlyCount "137"]
[EventDate "2023.02.16"]
[EventCountry "GER"]
[SourceTitle "playchess.com"]
[Source "ChessBase"]
[SourceQuality "1"]
[TimeControl "40/7200:20/3600:900+30"]

1. d4 Nf6 2. c4 e6 3. Nc3 Bb4 4. e3 c5 5. a3 Bxc3+ 6. bxc3 O-O 7. Bd3 Nc6 8. Ne2 b6 9. e4 Ne8 10. O-O Ba6 11. Qc2 {[%emt 0:00:10] E29: Nimzo-Indian: Sämisch: 5...0-0 6 e3 c5 7 Bd3 Nc6.} Na5 12. e5 f5 {[%emt 0:02:04] [#]} 13. Nf4 $146 {[%emt 0:03:12] Black has an edge.} ({Predecessor:} 13. exf6 Nxf6 14. Bf4 Bxc4 15. Bd6 Bxd3 16. Qxd3 c4 17. Qc2 Rf7 18. Rad1 Nd5 19. Ng3 {1-0 Bouget,A (2211)-Karas,M (2306) Titled Tuesday intern Qual1 4th April blitz 2017 (6)}) 13... Bxc4 14. Bxc4 Nxc4 15. Qa2 b5 ({Better is} 15... Na5 $1 $11) 16. a4 $36 {[%emt 0:00:57][%mdl 2048] White has good play.} cxd4 17. axb5 Nxe5 18. cxd4 Ng6 19. d5 Nxf4 20. Bxf4 Nc7 21. dxe6 dxe6 22. Rfe1 Re8 ({Not} 22... Nd5 23. Rxe6 Nc3 24. Qb2 $16) 23. Bxc7 Qxc7 24. Rxe6 Rxe6 25. Qxe6+ Qf7 26. Qxf7+ Kxf7 {[%emt 0:00:02][%mdl 4096] Endgame KR-KR} 27. b6 a5 (27... a6 $1 $11) 28. b7 $1 Rb8 29. Rxa5 Rxb7 {[%emt 0:00:05][%cal Rb7b1] [#]} 30. Rxf5+ Kg6 31. g4 Rb4 32. h3 h6 33. Kg2 Rb3 34. Re5 Kf6 35. Ra5 g5 36. f3 Kg6 37. Rd5 Rb2+ 38. Kg3 Rb3 39. Kf2 ({White should try} 39. Ra5 $14) 39... Rb2+ $1 $11 40. Kg3 (40. Ke3 $11) 40... Rb3 $1 $14 41. Rd2 Ra3 42. Kf2 Ra7 43. Rd6+ Kg7 44. Rd3 (44. Re6 $14) 44... Ra2+ {[%emt 0:00:52] [#]} (44... h5 $11) 45. Kg3 $1 $16 Ra7 46. h4 Rf7 47. Rd5 (47. h5 $16) 47... Kg6 (47... gxh4+ $11 48. Kg2 (48. Kxh4 Rxf3 49. Rd6 Rf6 $11) 48... Rc7) 48. h5+ Kg7 49. Re5 Ra7 50. Kf2 Kf6 51. Rf5+ Kg7 52. Rd5 Ra2+ 53. Ke3 Ra7 54. Ke4 Rf7 55. Rd3 Rf8 56. Rc3 Rf7 57. Ke5 Kh7 58. Kd6 {[%emt 0:00:31] White wants to mate with Rc7.} Rf6+ 59. Kd7 Rf7+ 60. Ke8 ({White should play} 60. Ke6 $16 Kg7 61. Ra3) 60... Kg7 $11 61. Re3 {[%emt 0:00:41] White threatens Re7 and mate.} Rf8+ (61... Kf6 $11) 62. Kd7 $16 Rf4 63. Re7+ (63. Ke6 $16) 63... Kg8 $11 64. Re6 Kg7 (64... Kh7 $1 $11) 65. Re3 $16 Kg8 66. Re6 (66. Ke6 $16) 66... Kg7 $11 67. Re3 (67. Kd6 $11) 67... Kg8 $1 $16 68. Ke6 Kg7 69. Rd3 {[%emt 0:00:08] Weighted Error Value: White=0.12 (very precise) /Black=0.10 (very precise)} 1/2-1/2

[Event "WR Chess Masters 2023"]
[Site "Duesseldorf"]
[Date "2023.02.25"]
[Round "9.4"]
[White "Duda, Jan-Krzysztof"]
[Black "Giri, Anish"]
[Result "1/2-1/2"]
[ECO "D10"]
[WhiteElo "2729"]
[BlackElo "2780"]
[Annotator "TA"]
[PlyCount "60"]
[EventDate "2023.02.16"]
[EventCountry "GER"]
[SourceTitle "playchess.com"]
[Source "ChessBase"]
[SourceQuality "1"]
[TimeControl "40/7200:20/3600:900+30"]

1. d4 d5 2. c4 c6 3. Nc3 Nf6 4. e3 Bf5 5. cxd5 cxd5 6. Qb3 Nc6 {[%emt 0:00:09] Nowadays more popular than 6...Bc8. D10: Slav Defence: 3 cxd5 (without early Nf3) and 3 Nc3.} 7. Qxb7 Bd7 $1 {[%emt 0:00:22] [#] And now ...Rb8 would win.} 8. Qb3 Rb8 {[%emt 0:00:14] White is slightly better.} 9. Qd1 e5 10. Nf3 Bd6 11. Be2 e4 12. Nd2 h5 {[%emt 0:01:37] [#]} 13. a3 $146 ({Predecessor:} 13. f3 Qe7 14. fxe4 Nxe4 15. Ndxe4 dxe4 16. g3 h4 17. g4 O-O 18. O-O Nb4 19. a3 {0-1 Holt,C (2553)-Matlakov,M (2671) Titled Tuesday intern op 07th Jun Late blitz 2022 (9)}) 13... a5 ({Black should try} 13... Kf8 $11) 14. h3 (14. Nb5 $5 Be7 15. O-O $14) 14... Ne7 15. Nb3 Qb6 {[%emt 0:09:26] [#]} 16. Nc5 Bxc5 17. dxc5 (17. Na4 $5 Bb4+ 18. axb4 Qxb4+ 19. Nc3 $14) 17... Qxc5 18. a4 O-O 19. Nb5 Bxb5 (19... Nf5 $11) 20. axb5 (20. Bxb5 $14 Nf5 21. O-O) 20... Nf5 $1 $11 21. Bd2 d4 $1 {[%emt 0:02:30][%cal Rd4e3] Prevents Bc3.} 22. exd4 Nxd4 {[%emt 0:01:13] ...Nc2+ is the strong threat.} 23. Rc1 {[%emt 0:00:36] Prevents Nc2+.} (23. Rxa5 $2 {too greedy.} e3 24. fxe3 Nc2+ 25. Kf2 (25. Kf1 $2 Rbd8 $19) 25... Ne4+ 26. Kg1 Nxe3 $19) 23... Qf5 24. Bxa5 Nxe2 25. Qxe2 Qxb5 26. Qxb5 Rxb5 27. Bc3 Nd5 28. O-O Nxc3 29. bxc3 Rc8 30. f3 Rbc5 {[%emt 0:00:12] Weighted Error Value: White=0.12 (very precise) /Black=0.12 (very precise)} 1/2-1/2

[Event "WR Chess Masters 2023"]
[Site "Duesseldorf"]
[Date "2023.02.25"]
[Round "9.5"]
[White "Praggnanandhaa R"]
[Black "Esipenko, Andrey"]
[Result "1/2-1/2"]
[ECO "C42"]
[WhiteElo "2690"]
[BlackElo "2675"]
[Annotator "TA"]
[PlyCount "60"]
[EventDate "2023.02.16"]
[EventCountry "GER"]
[SourceTitle "playchess.com"]
[Source "ChessBase"]
[SourceQuality "1"]
[TimeControl "40/7200:20/3600:900+30"]

1. e4 e5 2. Nf3 Nf6 3. Nxe5 d6 4. Nf3 Nxe4 5. d4 d5 6. Bd3 Bd6 7. O-O O-O 8. c4 c6 9. Re1 Re8 10. Qc2 {[%emt 0:06:51] Black must now prevent cxd5. C42: Petroff Defence: 3 Nxe5 and unusual White 3rd moves.} Na6 11. a3 {[%emt 0:10:17] Inhibits Nb4.} Bg4 12. Ne5 {[%emt 0:12:05] White is slightly better.} Bxe5 13. dxe5 Nac5 {[%emt 0:17:48] [#]} 14. cxd5 $146 ({Predecessor:} 14. Bf1 Bf5 15. b4 Ne6 16. Qb2 Qh4 17. Be3 Rad8 18. Nd2 d4 19. Nf3 Qg4 20. h3 {0-1 Gabrielian,A (2460)-Paravyan,D (2586) Speed Chess Q1 blitz 2022 (1)}) 14... Nxd3 (14... cxd5 15. f3 $16) 15. Qxd3 {[%emt 0:05:34] White is weak on the light squares} Rxe5 {[%emt 0:00:24] Strongly threatening ...Nc5.} 16. Qd4 {[%emt 0:01:51] [#] Repels Nc5} (16. Rxe4 $2 Bf5 17. Nc3 Bxe4 $17) 16... Qf6 {[%emt 0:01:01][%cal Og4h3] Threatens to win with ...Bh3!} 17. Nd2 (17. Rxe4 $2 {loses.} Rxd5 18. Qa4 Rd1+ $19) (17. Nc3 cxd5) 17... cxd5 (17... Rxd5 $2 18. Qxe4 Bd7 19. Qb4 $18) (17... c5 $5 18. Qe3 Rae8 19. Nxe4 Rxe4 20. Qxe4 Rxe4 21. Rxe4 h5 $11) 18. Nxe4 {[%emt 0:08:22] The position is equal.} dxe4 19. Rxe4 Rxe4 20. Qxe4 Qe6 21. Qxe6 Bxe6 $11 {[%emt 0:00:06][%mdl 4096] Endgame KRB-KRB} 22. Be3 a6 23. Rc1 Rc8 24. Rxc8+ Bxc8 {[%emt 0:00:04] KB-KB} 25. f3 f6 26. Kf2 Kf7 27. Bd4 Bd7 28. Ke3 Ke6 29. Bc3 Bc6 30. Bd4 Bd5 {[%emt 0:00:05] A rather calm draw.   Weighted Error Value: White=0.08 (flawless) /Black=0.04 (flawless)} 1/2-1/2